[Event "July 23 Late 2024"]
[Site "Chess.com"]
[Date "2024.07.23"]
[Round "5.1"]
[White "Santos Latasa, Jaime"]
[Black "Carlsen, Magnus"]
[Result "0-1"]
[ECO "A05"]
[WhiteElo "2978"]
[BlackElo "3244"]
[PlyCount "94"]
[EventDate "2024.??.??"]
[WhiteTeam "ESP"]
[BlackTeam "NOR"]
[TimeControl "180+1"]
[WhiteClock "0:00:25"]
[BlackClock "0:00:50"]

1. Nf3 b5 2. g3 Bb7 3. Bg2 c5 4. O-O Nf6 5. d3 g6 6. e4 Bg7 ({RR} 6... d6 7. d4 cxd4 8. Nxd4 a6 9. Re1 e5 10. Nb3 Bg7 11. a4 b4 12. a5 O-O 13. Ra4 Bc6 14. Rxb4 Bb5 15. c4 Nc6 16. cxb5 Nxb4 17. b6 Nc6 18. Nc3 Rc8 19. Bf1 Nb4 20. Bg5 Qd7 21. Nd2 {Kramnik,V (2777)-Ghaem Maghami,E (2596) Berlin 2015 1-0 (59)}) ({RR} 6... d6 7. a4 b4 8. e5 dxe5 9. Nxe5 Bxg2 10. Kxg2 Qd5+ 11. Qf3 Nbd7 ({RR} 11... Qxf3+ 12. Kxf3 Nfd7 13. Nxd7 Nxd7 14. Nd2 Ne5+ 15. Ke2 Bg7 16. Nf3 Nc6 17. Rb1 Nd4+ 18. Nxd4 cxd4 19. a5 b3 20. cxb3 Rb8 21. b4 Rxb4 22. b3 Kd7 23. Bd2 Rb5 24. Rfc1 Rhb8 25. b4 g5 26. g4) 12. Nc4 Bg7 13. Re1 e6 14. Qxd5 Nxd5 15. Nbd2 O-O 16. a5 Rac8 17. Nb3 Rc6 18. Bd2 e5 19. c3 Rb8 20. Rab1 f5 21. cxb4 {Epishin,V (2344)-Shishkin,V (2029) St Petersburg RUS 2025 ½-½ (42)}) 7. a4 b4 8. Nbd2 O-O $146 ({RR} 8... d6 9. Nc4 O-O 10. h3 Nbd7 11. a5 Qc7 12. Re1 Rfe8 13. Bg5 h6 14. Bd2 Rad8 15. c3 bxc3 16. bxc3 d5 17. exd5 Nxd5 18. Ra3 Ba6 19. Qc2 e5 20. Nh2 Nb8 21. Ng4 h5 22. Nge3 Nxe3 23. Bxe3 {Evans,B-Stearns,A (2255) San Francisco 2000 1-0 (46)}) 9. Nc4 Nc6 10. Re1 d6 11. Bd2 Nd7 12. Qc1 Nb6 13. Bh6 Nxc4 14. dxc4 e5 15. Bxg7 Kxg7 16. Nd2 Nd4 17. c3 bxc3 18. bxc3 Ne6 19. Nf1 f5 20. Rb1 Bxe4 21. Bxe4 fxe4 22. Rb7+ Rf7 23. Rxf7+ Kxf7 24. Nd2 Ng5 25. h4 Nf3+ 26. Nxf3 exf3 27. Qd1 Kg7 28. Qxf3 Rb8 29. Qd5 Qf6 30. Rd1 Rb2 31. Rd2 Rxd2 32. Qxd2 e4 33. Qd5 e3 34. fxe3 Qxc3 35. Qxd6 Qxe3+ 36. Kg2 a5 37. Qc7+ Kf6 38. Qd8+ Kf5 39. Qd7+ Qe6 40. Qxh7 Kg4 41. Qc7 Qe2+ 42. Kg1 Qe3+ 43. Kg2 Qf3+ 44. Kh2 Qf2+ 45. Kh1 Qf1+ 46. Kh2 Qh3+ 47. Kg1 Qxg3+ 0-1